 Dungeon Crawl Stone Soup version 0.30-a0-241-g1121274140 (webtiles) character file.

Game seed: 6849790865997594259

123 funkygono the Firebug (level 5, 0/28 HPs)
             Began as a Gargoyle Fire Elementalist on Oct 10, 2022.
             Killed from afar by an orc wizard (2 damage)
             ... with a puff of flame
             ... on level 3 of the Dungeon.
             The game lasted 00:03:34 (1983 turns).

funkygono the Firebug (Gargoyle Fire Elementalist)  Turns: 1983, Time: 00:03:35

Health: 0/28       AC:  8    Str: 11    XL:     5   Next: 7%
Magic:  1/9        EV: 12    Int: 18    God:
Gold:   150        SH:  0    Dex: 10    Spells: 3/9 levels left

rFire   . . .      SeeInvis .    d - +0 whip
rCold   . . .      Faith    .    (no shield)
rNeg    + . .      Spirit   .    a - +0 robe
rPois   ∞          Reflect  .    (helmet restricted)
rElec   +          Harm     .    (no cloak)
rCorr   .          Rampage  .    (no gloves)
Will    .....                    (no boots)
Stlth   ++........               (no amulet)
HPRegen 0.24/turn                q - ring of wizardry
MPRegen 0.11/turn                (no ring)

@: very slightly contaminated
A: sickness immunity, AC +4, negative energy resistance 1, electricity
resistance, torment resistance 1, petrification resistance, horns 1, iridescent
scales 1
a: no special abilities


You were on level 3 of the Dungeon.
You visited 1 branch of the dungeon, and saw 3 of its levels.

You collected 150 gold pieces.

Inventory:

Hand Weapons
 d - a +0 whip (weapon)
 s - a +0 mace
Armour
 a - a +0 robe (worn)
Jewellery
 q - a ring of wizardry (left hand)
Scrolls
 g - a scroll of fear {unknown}
 h - 3 scrolls of blinking {unknown}
 i - a scroll of noise {unknown}
 l - 2 scrolls of teleportation {unknown}
 m - a scroll of poison {unknown}
 n - a scroll of enchant armour {unknown}
 p - 2 scrolls of identify {unknown}
 r - 2 scrolls of enchant weapon {unknown}
Potions
 b - a potion of magic
 c - a potion of ambrosia {unknown}
 e - a potion of heal wounds {unknown}
 f - a potion of curing {unknown}
 j - a potion of invisibility {unknown}
 k - 3 potions of mutation
 o - a potion of flight {unknown}


   Skills:
 + Level 0.4 Fighting
 + Level 0.5 Maces & Flails
 + Level 1.8 Dodging
 - Level 2.1 Stealth
 + Level 2.8 Spellcasting
 + Level 2.2 Conjurations
 + Level 4.3 Fire Magic


You had 3 spell levels left.
You knew the following spells:

 Your Spells              Type           Power      Damage    Failure   Level
a - Foxfire               Conj/Fire      56%        2x1d6     1%          1
b - Scorch                Fire           36%        2d7       1%          2
c - Kindle Blastsparks    Fire/Tloc/Air  14%        2d11      11%         3

Your spell library contained the following spells:

 Spells                   Type           Power      Damage    Failure   Level
 Inner Flame              Hex/Fire       10%        N/A       9%          3
 Flame Wave               Conj/Fire      14%        2d6       16%         4


Dungeon Overview and Level Annotations

Branches:
Dungeon (3/15)

Altars:
Cheibriados
Sif Muna


Innate Abilities, Weirdness & Mutations

You are immune to sickness and miasma.
Your stone body is resilient. (AC +4)
You are immune to poison.
You resist negative energy. (rN+)
You are resistant to electric shocks. (rElec)
You are resistant to unholy torment.
You are immune to petrification.
You have a pair of small horns on your head.
You are partially covered in iridescent scales. (AC +2)


Message History

The orc is almost dead.
Something hits you. The orc closely misses you.
You miss something. Something hits you. The orc hits you with a +0 hand axe.
Something hits you. The orc hits you but does no damage.
You miss something. Something hits you but does no damage. The orc misses you.
Unknown command.
You barely miss something. Something hits you but does no damage.
The orc closely misses you.
You barely miss something.
You hear some strange, mumbled words.
A puff of flame appears from out of thin air!
The puff of flame misses you. The orc hits you with a +0 hand axe.
Unknown command.
You barely miss something.
You hear some strange, mumbled words.
Something tries to affect you, but you resist.
The orc hits you but does no damage.
You closely miss something. Something hits you. The orc barely misses you.
You closely miss something. Something hits you.
The orc hits you with a +0 hand axe.
Casting: Foxfire (safe; 1% risk of failure)
Confirm with . or Enter, or press ? or * to list all spells.
You miscast Foxfire.
You are very lightly contaminated with residual magic.
Nothing appears to happen.
Something hits you but does no damage. The orc hits you with a +0 hand axe.
* * * LOW HITPOINT WARNING * * *
You barely miss something.
An orc wizard appears from thin air!
Reactivating autopickup.
The orc wizard hits you with a +1 dagger of draining.
* * * LOW HITPOINT WARNING * * *
The orc hits you with a +0 hand axe.
* * * LOW HITPOINT WARNING * * *
Unknown command.
It was a potion of mutation.
You feel extremely strange.
Iridescent scales grow over part of your body.
A pair of horns grows on your head!
The orc wizard gestures at you while chanting.
The puff of flame hits you.
You die...

.#.###. #(#..
.........#+##
#.#.#
...#........#
#.#.#
....+........#
##.#.##..
#........#
+... ....!..
†§...>....#
#...###.#..#
#####+##...
#...+...#o.#
#...
#...#...o@.#
..#...
###...#..##+##
.......
##.....#.##
.§.§§§.§
####.§....#.#
§§..§≈§§
............#
..≈≈≈.§.≈
....§≈......#
##. #...≈.≈.≈
.....≈......#
#..##._....§.
.....§)....#.#
#.......≈.§.§
####.≈)##..###
#.....≈§≈.≈.≈


You could see an orc wizard and an orc.

Vanquished Creatures
  An orc priest (D:3)
  4 adders
  A dart slug (D:1)
  2 orcs (D:3)
  3 bats
  5 endoplasms
  A giant cockroach (D:1)
  3 goblins
  5 hobgoblins
  4 jackals (D:1)
  A quokka (D:2)
  9 ball pythons
  5 frilled lizards
  6 kobolds
  3 rats
53 creatures vanquished.

Vanquished Creatures (others)
  154 foxfires
154 creatures vanquished.

Grand Total: 207 creatures vanquished

Notes
Turn   | Place    | Note
-------+----------+-------------------------------------------
     0 | D:1      | funkygono the Gargoyle Fire Elementalist began the quest
                  | for the Orb.
     0 | D:1      | Reached XP level 1. HP: 10/10 MP: 3/3
   164 | D:1      | Reached XP level 2. HP: 15/15 MP: 1/5
   602 | D:1      | Reached XP level 3. HP: 19/19 MP: 0/6
   605 | D:1      | Learned a level 2 spell: Scorch
   609 | D:1      | Learned a level 3 spell: Kindle Blastsparks
  1299 | D:2      | Reached skill level 4 in Fire Magic
  1299 | D:2      | Reached XP level 4. HP: 24/24 MP: 4/7
  1812 | D:3      | Found a snail-covered altar of Cheibriados.
  1812 | D:3      | Found a shimmering blue altar of Sif Muna.
  1955 | D:3      | Reached XP level 5. HP: 28/28 MP: 0/9
  1983 | D:3      | Gained mutation: You are partially covered in iridescent
                  | scales. (AC +2) [potion of mutation]
  1983 | D:3      | Gained mutation: You have a pair of small horns on your
                  | head. [potion of mutation]
  1983 | D:3      | Killed from afar by an orc wizard

Illustrated notes

Levels and vault maps discovered:
D:1:      scummos_arrival_forest, layout_rooms, feat_on_display
D:2:      layout_basic, minivault_5
D:3:      layout_basic, mainiacjoe_overflow_paths,
          mainiacjoe_overflow_boulevard, mainiacjoe_overflow_large_starburst,
          kennysheep_orc_chapel

Skill      XL: |  1  2  3  4 |
---------------+-------------+-----
Fire Magic     | 4 |  4.3
Conjurations   | 2 |  2.2
Fighting       | |  0.4
Maces & Flails | |  0.5
Dodging        | |  1.8
Stealth        | |  2.1
Spellcasting   | |  2.8

Action                   |  1- 3 |  4- 6 || total
-------------------------+-------+-------++-------
Melee: Whip              |    14 |    23 ||    37
 Cast: Foxfire           |    64 |    24 ||    88
  Use: Potion            |       |     1 ||     1
Armor: Robe              |    11 |    10 ||    21
Dodge: Dodged            |    17 |    14 ||    31

Table legend: (Time is in decaauts)
 A = Elapsed time spent in this place.
 B = Non-inter-level travel time spent in this place.
 C = Inter-level travel time spent in this place.
 D = Time resting spent in this place.
 E = Time spent auto-exploring this place.
 F = Levels seen in this place.
 G = Mean time per level.
                   A        B        C        D        E       F      G
               +--------+--------+--------+--------+--------+-----+--------+
         Total |   1984 |   1963 |     21 |     33 |   1501 |   3 |  661.3 |
       Dungeon |   1984 |   1963 |     21 |     33 |   1501 |   3 |  661.3 |
               +--------+--------+--------+--------+--------+-----+--------+

Top non-repeatable levels by time:
     D:1: 911 daAuts
     D:2: 887 daAuts
     D:3: 185 daAuts
